Map: Cuna de muerte

Players

Dimas

  • Race: Terran Terran

Jaencio

  • Race: Zerg Zerg

VOD

Have the link to the VOD?

Description

Time

  • Played on: May 20, 2025, 9:18 a.m.
  • Length: 22:52
Show
View Real Time Build Order
Export as new Build Order

Dimas Terran 

Build Orders:  

Get SALT Encoding   

  12  0:13  Unknown, Refinery  
  12  0:21  Refinery  
  12  0:34  SCV  
  13  0:42  SCV  
  14  0:50  SCV  
  15  1:10  Supply Bunker  
  15  1:30  SCV  
  15  1:38  SCV  
  17  1:41  Barracks  
  17  2:19  SCV  
  18  2:26  SCV  
  18  2:28  SCV x6  
  19  2:34  Dominion Trooper x6, SCV, Supply Bunker  
  26  2:42  SCV  
  26  2:49  Factory  
  27  2:50  SCV  
  28  3:00  SCV  
  28  3:08  SCV  
  30  3:16  SCV, Starport  
  31  3:24  SCV  
  32  3:35  Imperial Witness  
  32  3:38  Fusion Core  
  34  3:41  SCV  
  35  3:56  Amplified Airwaves  
  35  4:03  Engineering Bay  
  35  4:04  Engineering Bay  
  35  4:40  Terran Infantry Weapons Level 1  
  35  4:41  Terran Infantry Armor Level 1  
  35  4:47  Dominion Trooper x2  
  35  4:48  Dominion Trooper  
  35  4:49  Dominion Trooper x3  
  35  4:56  Scatter Veil  
  41  5:02  Dominion Trooper x6, Supply Bunker  
  41  5:19  Armory  
  41  5:28  Medivac  
  43  5:48  Dominion Trooper x6, Supply Bunker  
  43  5:49  Medivac  
  51  5:56  Dual Resuscitators  
  51  6:34  Imperial Witness  
  51  6:39  Unknown  
  53  6:41  SCV x6  
  53  6:46  Dominion Trooper x6, Supply Bunker  
  59  7:00  Command Center  
  59  7:29  Dominion Trooper x6, Supply Bunker  
  65  7:39  Terran Infantry Weapons Level 2, Terran Infantry Armor Level 2  
  65  7:42  SCV  
  66  7:50  SCV  
  66  7:58  SCV  
  68  8:05  Dominion Trooper x6, Supply Bunker  
  68  8:06  SCV  
  75  8:14  SCV  
  76  8:22  SCV  
  77  8:30  SCV  
  77  8:38  SCV  
  79  8:46  SCV  
  86  8:50  Dominion Trooper x6, Supply Bunker  
  86  8:55  SCV  
  87  9:03  SCV  
  88  9:11  SCV  
  88  9:19  SCV  
  90  9:23  Dominion Trooper x6, Supply Bunker  
  90  9:27  SCV  
  97  9:35  SCV  
  98  9:44  Refinery  
  98  9:46  Refinery  
  97  10:57  Dominion Trooper x6, Supply Bunker  
  97  10:59  Dominion Trooper x6, Supply Bunker  
  109  11:01  Terran Infantry Weapons Level 3  
  109  11:02  Terran Infantry Armor Level 3  
  109  11:46  Dominion Trooper x6, Supply Bunker  
  121  12:22  Dominion Trooper x6, Supply Bunker  
  121  12:37  Dominion Trooper x3  
  121  12:38  Dominion Trooper x11  
  121  12:39  Dominion Trooper x9  
  112  12:45  SCV x7  
  112  12:46  SCV x16  
  112  13:38  Dominion Trooper x6, Supply Bunker  
  114  13:57  Unknown  
  114  14:06  Dominion Trooper x6, Supply Bunker  
  120  14:37  Barracks  
  120  14:40  Factory  
  107  15:36  Dominion Trooper x6, Supply Bunker  
  107  16:36  Dominion Trooper x6, Supply Bunker  
  113  17:06  Dominion Trooper x6, Supply Bunker  
  119  17:48  Dominion Trooper  
  121  17:54  Unknown x7  
  121  17:55  Unknown x8  
  121  17:56  Dominion Trooper  
  122  18:04  Dominion Trooper  
  123  18:12  Dominion Trooper  
  124  18:20  Dominion Trooper  
  124  18:28  Dominion Trooper  
  126  18:33  Dominion Trooper x6, Supply Bunker  
  126  18:36  Dominion Trooper  
  133  18:44  Dominion Trooper  
  132  18:52  Dominion Trooper  
  133  19:00  Dominion Trooper  
  133  19:05  Neosteel Armor  
  133  19:08  Dominion Trooper  
  135  19:15  Aim-assist Embrasures  
  135  19:16  Dominion Trooper  
  142  19:20  Dominion Trooper x6, Supply Bunker  
  142  19:24  Dominion Trooper  
  144  19:32  Dominion Trooper  
  144  19:35  Dominion Trooper  
  146  19:40  Dominion Trooper  
  146  19:42  Unknown  
  146  19:43  Dominion Trooper  
  146  19:48  Dominion Trooper  
  149  19:51  Dominion Trooper  
  149  19:55  Dominion Trooper  
  149  19:59  Dominion Trooper  
  152  20:03  Dominion Trooper  
  152  20:07  Dominion Trooper  
  152  20:09  Dominion Trooper x6, Supply Bunker  
  160  20:11  Dominion Trooper  
  160  20:15  Dominion Trooper  
  160  20:19  Dominion Trooper  
  162  20:23  Dominion Trooper  
  163  20:31  Dominion Trooper  
  163  20:55  Unknown x3  
  163  20:56  Unknown x7  
  163  21:14  Dominion Trooper x6, Supply Bunker  
  159  22:04  Dominion Trooper x6, Supply Bunker  
Show
View Real Time Build Order
Export as new Build Order

Jaencio Zerg 

Build Orders:  

Get SALT Encoding   

  12  0:04  Drone  
  13  0:11  Unknown  
  13  0:16  Overlord  
  13  0:21  Drone  
  14  0:45  Drone x4  
  14  0:46  Drone  
  19  0:53  Drone  
  20  1:03  Drone  
  20  1:07  Overlord  
  21  1:13  Drone  
  22  1:23  Extractor  
  22  1:24  Extractor, Drone  
  21  1:46  Hatchery  
  20  1:50  Drone x2  
  22  2:09  Spawning Tool  
  21  2:32  Drone  
  21  2:33  Drone x4  
  26  2:50  Zergling x2  
  26  2:51  Zergling x2  
  28  3:02  Zergling x2, Drone  
  28  3:05  Zergling x2  
  31  3:13  Zergling  
  30  3:44  Zergling  
  30  3:47  Zergling  
  30  3:48  Zergling  
  30  3:49  Zergling x2  
  30  3:50  Zergling x10  
  30  3:54  Overlord x2  
  36  4:09  Zergling x2  
  36  4:11  Zergling  
  36  4:14  Zergling  
  36  4:17  Zergling  
  36  4:19  Zergling  
  34  4:24  Zergling  
  34  4:30  Zergling  
  34  4:31  Unknown  
  32  4:41  Zergling  
  31  4:51  Zergling  
  30  5:24  Hydralisk Den  
  30  5:25  Infestation Pit, Metabolic Boost  
  30  5:26  Hardened Ergonergy Shield  
  27  6:04  Zergling  
  27  6:16  Drone  
  27  6:17  Drone x7  
  35  6:42  Unknown  
  35  6:50  Hatchery  
  35  6:53  Extractor  
  33  7:06  Extractor  
  32  7:12  Zergling x6  
  35  7:22  Evolution Chamber  
  35  7:23  Evolution Chamber  
  33  7:41  Drone  
  33  7:42  Drone x11  
  45  7:51  Drone  
  46  8:12  Zerg Melee Weapons Level 1, Zerg Missile Weapons Level 1  
  46  8:13  Zerg Ground Armor Level 1  
  46  8:21  Erudition Missile Launchers, Muscular Augments  
  46  8:23  Hydralisk x5  
  46  8:26  Overlord  
  56  8:37  Zergling  
  56  8:40  Zergling  
  56  8:48  Zergling  
  56  8:59  Zergling  
  56  9:00  Zergling  
  56  9:03  Zergling  
  56  9:09  Overlord x2  
  55  9:10  Overlord x2  
  55  9:11  Overseer  
  55  9:14  Drone  
  55  9:15  Drone x10  
  62  9:33  Zergling  
  62  9:38  Zergling  
  62  9:42  Zergling x2  
  62  9:43  Zergling x22  
  72  10:07  Zergling x2  
  72  10:08  Zergling x14  
  79  10:37  Baneling Nest  
  78  10:43  Ultralisk Cavern  
  77  10:55  Zerg Missile Weapons Level 2, Zerg Ground Armor Level 2, Zerg Melee Weapons Level 2  
  77  10:56  Adrenal Glands  
  77  10:58  Tyr-Class Targeting System  
  77  11:01  Zergling  
  77  11:05  Unknown  
  77  11:10  Zergling x2  
  77  11:12  Zergling x2  
  77  11:35  Zergling  
  77  11:38  Hydralisk  
  77  11:39  Hydralisk x10  
  97  11:41  Overlord x2  
  97  11:49  Zergling  
  97  11:51  Zergling  
  97  11:58  Zergling x3  
  97  11:59  Zergling x3  
  73  12:00  Zergling x5  
  96  12:01  Zergling x5  
  96  12:02  Hydralisk, Zergling  
  96  12:03  Zergling  
  96  12:04  Zergling  
  96  12:06  Zergling  
  96  12:07  Zergling  
  96  12:08  Hydralisk  
  96  12:13  Zergling  
  96  12:17  Zergling  
  96  12:19  Zergling  
  95  12:21  Zergling  
  95  12:29  Hydralisk x5  
  98  12:30  Hydralisk x2  
  98  12:31  Zergling  
  96  12:42  Zergling  
  96  12:46  Overlord, Zergling  
  96  12:47  Overlord x2  
  96  12:48  Zergling x2  
  88  12:50  Zergling  
  88  12:51  Zergling  
  87  13:00  Hydralisk  
  87  13:01  Hydralisk x2  
  93  13:19  Zergling  
  90  13:22  Zergling  
  90  13:23  Zergling  
  90  13:37  Zergling  
  90  13:41  Electrostatic Surprise  
  90  13:42  Mecha Mooch Module  
  89  13:50  Zergling  
  89  13:51  Zergling  
  89  13:53  Ultralisk  
  95  14:00  Unknown  
  95  14:06  Zergling  
  95  14:07  Zergling  
  95  14:08  Hydralisk, Zergling  
  94  14:10  Zergling  
  94  14:12  Zergling  
  94  14:14  Zergling  
  89  14:41  Chitanium Plating  
  89  14:43  Zergling x2  
  89  14:44  Zergling x8  
  89  14:47  Ultralisk x2  
  106  14:59  Zergling  
  106  15:19  Zergling  
  104  15:20  Zergling  
  104  15:22  Zergling x2  
  104  15:24  Zergling  
  104  15:28  Zergling  
  101  15:44  Hydralisk x2  
  101  15:45  Hydralisk x9  
  118  16:09  Unknown  
  118  16:18  Zerg Missile Weapons Level 3, Zerg Melee Weapons Level 3, Zerg Ground Armor Level 3  
  114  16:44  Zergling x4  
  114  16:45  Zergling x32  
  128  16:55  Unknown  
  126  17:37  Hydralisk  
  126  17:38  Hydralisk x2, Zergling  
  126  17:39  Overlord x3  
  132  17:40  Overlord x9  
  132  17:41  Zergling  
  132  17:42  Zergling  
  132  17:48  Hydralisk, Zergling x2  
  132  17:52  Zergling x2  
  132  17:53  Hydralisk, Zergling x2  
  132  17:54  Zergling  
  132  17:55  Zergling x3  
  132  17:57  Zergling  
  132  17:59  Zergling x3  
  132  18:00  Zergling  
  132  18:01  Zergling  
  132  18:02  Zergling  
  132  18:07  Zergling  
  132  18:08  Zergling x2  
  125  18:25  Zergling  
  112  18:37  Overseer  
  112  18:38  Overseer x3  
  98  18:51  Zergling x4  
  98  18:52  Zergling x20  
  110  19:19  Pneumatized Carapace  
  110  19:38  Zergling  
  110  19:39  Zergling x2  
  110  19:40  Unknown, Zergling x28  
  110  19:41  Zergling x2  
  126  19:50  Zergling x2  
  126  19:53  Zergling  
  126  19:54  Zergling  
  126  20:03  Zergling x2  
  126  20:04  Zergling x6  
  126  20:05  Zergling x5  
  126  20:06  Egonergy Enhanced Explosives, Zergling x3, Anti-Centripetal Rocket Servos  
  126  20:07  Zergling x6  
  126  20:08  Zergling x4  
  126  20:09  Ultralisk x2, Zergling  
  138  20:12  Zergling x4  
  138  20:14  Zergling  
  138  20:23  Zergling  
  138  20:24  Zergling  
  138  20:26  Zergling  
  135  20:43  Zergling  
  135  20:44  Zergling x13  
  135  20:45  Zergling x22  
  135  20:46  Zergling  
  135  20:47  Zergling  
  135  20:48  Zergling  
  151  20:57  Zergling  
  150  21:04  Zergling  
  149  21:12  Zergling  
  147  21:45  Zergling  
  147  21:46  Hydralisk, Zergling  
  147  21:47  Hydralisk x6  
  147  21:48  Hydralisk x8  
Tags
 
Add a new tag
Caveats
  • Supply blocks, unpowered buildings, or Contaminate may cause inaccurate times.
  • Supply counts are checked every 10 seconds.